Gangsters vs Mulligans

Created - January 19, 2018 at 19:02

Goals
1 2 3 OT1 SO T
Gangsters 1 0 1 0 1 3
Mulligans 1 0 1 0 0 2
Shots
1 2 3 OT1 SO T
Gangsters 14 6 10 2 3 32
Mulligans 6 12 6 1 3 25

1st period

1. Gangsters , Sebastian Collberg 3 (Colten Teubert 12, Chris Bourque 27) at 9:32 (PP)
2. Mulligans , Derek Dorsett 5 (Maxime Macenauer 23, Matt Donovan 20) at 13:16

Penalties :
Derrick Pouliot (Bro) for Slashing (Minor) at 6:42, Eric Tangradi (Rep) for Goalie Interference (Minor) at 9:21, Darren Dietz (Rep) for Tripping (Minor) at 19:10

2nd period

No Goal

Penalties :
Matt Beleskey (Rep) for Holding (Minor) at 19:42

3rd period

3. Mulligans , Derek Dorsett 6 (Maxime Macenauer 24, Drayson Bowman 12) at 9:06
4. Gangsters , Derrick Pouliot 1 (Colten Teubert 13, Maxime Sauvé 33) at 19:26

Penalties :
Richard Panik (Bro) for Tripping (Minor) at 2:42, Reid Boucher (Rep) for Roughing (Minor) at 3:57, Colten Teubert (Bro) for Holding (Minor) at 10:00, Derek Dorsett (Rep) for Holding (Minor) at 16:15

Overtime #1

No Goal

Penalties :
Devante Smith-Pelly (Bro) for Roughing (Minor) at 4:54

Shootout

Penalty Shot by Chris Bourque for Gangsters - Stopped by Anders Lindback
Penalty Shot by Nick Bonino for Mulligans - Stopped by Mike Condon
Penalty Shot by Magnus Paajarvi-Svensson for Gangsters - Goal!
Penalty Shot by Eric Tangradi for Mulligans - Stopped by Mike Condon
Penalty Shot by Maxime Sauvé for Gangsters - Stopped by Anders Lindback
Penalty Shot by Jonathan Tremblay for Mulligans - Shot Misses the Net

Penalties :
No Penalty

Goalie Stats

Mike Condon (Bro), 23 saves from 25 shots - (0.920), W, 5-12-0, 64:39 minutes
Anders Lindback (Rep), 30 saves from 32 shots - (0.938), OTL, 15-13-2, 65:00 minutes

Players Stats for Gangsters

Player Name              G  A  P  +/- PIM S  H  SB GA TA FO     MP     PP MP  PK MP  
------------------------------------------------------------------------------------
Brendan Woods            0  0  0  -1  0   6  2  2  0  1  0/1    15:33   0:00   0:42 
Chris Bourque            0  1  1   0  0   3  3  0  2  1  6/12   25:38   3:47   3:22 
Colten Teubert           0  2  2   0  2   6  4  2  0  1  0/0    33:03   4:44   1:57 
Dave Dziurzynski         0  0  0   0  0   3  3  0  1  1  3/7    21:33   2:54   0:00 
Derrick Pouliot          1  0  1  -1  2   2  1  1  1  3  0/0    29:32   4:44   2:13 
Devante Smith-Pelly      0  0  0  -1  2   1  3  0  0  0  1/4    14:18   0:47   0:00 
Jonas Brodin             0  0  0   0  0   0  0  0  0  0  0/0     3:39   0:00   0:02 
Kevin Roy                0  0  0  -1  0   0  0  1  0  0  2/4     4:23   0:00   0:00 
Magnus Paajarvi-Svensson 0  0  0   1  0   1  2  0  0  0  1/1    15:02   3:17   0:00 
Maxime Sauvé             0  1  1   1  0   3  5  0  2  0  12/27  23:10   4:01   1:47 
Morgan Ellis             0  0  0   0  0   3  1  1  1  1  0/0    27:43   2:39   3:02 
Patrik Nemeth            0  0  0   0  0   1  0  2  2  0  0/0    25:38   2:39   3:03 
Phillip Danault          0  0  0   0  0   0  0  0  0  0  0/0     0:35   0:03   0:00 
Richard Panik            0  0  0   0  2   2  2  1  0  0  0/0    16:42   3:27   1:27 
Ryan Culkin              0  0  0  -1  0   0  1  2  0  0  0/0    10:24   0:00   0:19 
Sebastian Collberg       1  0  1   0  0   1  2  0  0  1  1/3    24:37   3:45   3:13 
Seth Griffith            0  0  0  -1  0   0  3  0  0  0  2/5     8:20   0:00   0:00 
Stefan Noesen            0  0  0  -1  0   0  3  0  0  2  0/0    14:04   0:08   0:00 

Players Stats for Mulligans

Player Name              G  A  P  +/- PIM S  H  SB GA TA FO     MP     PP MP  PK MP  
------------------------------------------------------------------------------------
Adam Lowry               0  0  0   0  0   0  0  0  0  0  0/0     0:00   0:00   0:00 
Anton Lander             0  0  0   0  0   0  0  0  0  0  2/5     7:03   0:49   0:37 
Ben Hutton               0  0  0   0  0   1  1  1  0  1  0/0    22:11   2:34   3:10 
Benn Ferriero            0  0  0   0  0   2  1  0  1  0  0/0    15:06   2:30   0:00 
Cade Fairchild           0  0  0   0  0   3  1  0  1  1  0/0    22:11   2:34   3:10 
Christoph Bertschy       0  0  0   0  0   0  0  0  0  0  1/1     4:06   0:00   2:24 
Cody Goloubef            0  0  0   0  0   1  1  1  0  1  0/0    29:13   2:39   4:13 
Dalton Thrower           0  0  0   1  0   0  1  0  0  1  0/0    13:36   0:00   0:00 
Darren Dietz             0  0  0   1  2   0  1  0  0  1  0/0    14:02   0:00   0:00 
Derek Dorsett            2  0  2   2  2   3  3  0  1  0  0/0    11:55   0:00   0:00 
Drayson Bowman           0  1  1   2  0   2  1  0  1  0  0/0    11:40   0:00   0:00 
Eric Tangradi            0  0  0  -1  2   2  3  2  2  1  0/1    23:44   2:43   3:34 
Jonathan Tremblay        0  0  0  -1  0   2  0  0  0  1  0/2    20:21   2:43   1:53 
Joonas Donskoi           0  0  0   0  0   0  0  0  0  0  2/4     9:49   1:09   0:19 
Logan Shaw               0  0  0   0  0   2  0  0  0  0  0/0     7:08   0:00   0:00 
Mario Lucia              0  0  0   0  0   0  0  0  0  0  0/0     0:00   0:00   0:00 
Matt Beleskey            0  0  0   0  2   2  1  0  2  0  0/0    15:08   2:30   0:00 
Matt Donovan             0  1  1   0  0   1  4  2  1  1  0/0    29:13   2:39   4:13 
Maxime Macenauer         0  2  2   2  0   2  1  0  1  0  4/9    11:40   0:00   0:00 
Nick Bonino              0  0  0  -1  0   2  1  1  0  0  25/40  23:51   2:43   3:37 
Nick Shore               0  0  0   0  0   0  0  0  0  1  1/1     7:22   0:00   0:14 
Reid Boucher             0  0  0   0  2   0  0  0  0  0  1/1     2:12   0:31   0:29 
Sven Baertschi           0  0  0   0  0   0  1  0  1  0  0/0    10:17   0:00   1:39 

3 Stars

1 - Derek Dorsett (Rep)
2 - Maxime Macenauer (Rep)
3 - Maxime Sauvé (Bro)

Power Play

Gangsters - 1 on 5 Attempt(s) - 20.00%
Mulligans - 0 on 4 Attempt(s) - 0.00%

Penalty Kill

Gangsters - 4 on 4 Attempt(s) - 100.00% - Score 0 goal in Penalty Kill
Mulligans - 4 on 5 Attempt(s) - 80.00% - Score 0 goal in Penalty Kill

Team Stat

Gangsters - Hits : 35 - Faceoff Wins : 28 - Blocked Shots : 12 - Penalty Minutes : 8
Mulligans - Hits : 21 - Faceoff Wins : 36 - Blocked Shots : 7 - Penalty Minutes : 10

Official

Referees : Watson Brad and Walsh Ian
Linesman : Shane Heyer and Lonnie Cameron

Game Notes

Kevin Roy is injured at 17:34 of 1st period (Bruised Left Shoulder)
Anton Lander is injured at 2:37 of 2nd period (Herniated Disc)

Finance

Level 1 -- Attendance: 1460 (73.00%) -- Ticket Income $36,500
Level 2 -- Attendance: 803 (80.30%) -- Ticket Income $9,636
Total Attendance: 2263 (75.43%)
Total Ticket Income: $46,136
Other Income: $2,307
Total Income: $48,443

Gangsters

5 vs 5 Forward 
   Center                   Left Wing                Right Wing               Time % Phy DF OF 
 1 Maxime Sauvé             Chris Bourque            Sebastian Collberg       40     1   2  2  
 2 Dave Dziurzynski         Magnus Paajarvi-Svensson Richard Panik            30     1   2  2  
 3 Seth Griffith            Dave Dziurzynski         Devante Smith-Pelly      20     1   2  2  
 4 Kevin Roy                Brendan Woods            Stefan Noesen            10     1   2  2  

5 vs 5 Defense 
   Defense                  Defense                                           Time % Phy DF OF 
 1 Colten Teubert           Derrick Pouliot                                   40     1   2  2  
 2 Patrik Nemeth            Morgan Ellis                                      30     1   2  2  
 3 Colten Teubert           Morgan Ellis                                      20     1   2  2  
 4 Colten Teubert           Derrick Pouliot                                   10     1   2  2  

PowerPlay Forward 
   Center                   Left Wing                Right Wing               Time % Phy DF OF 
 1 Maxime Sauvé             Chris Bourque            Sebastian Collberg       60     1   2  2  
 2 Dave Dziurzynski         Magnus Paajarvi-Svensson Richard Panik            40     1   2  2  

PowerPlay Defense
   Defense                  Defense                                           Time % Phy DF OF 
 1 Colten Teubert           Derrick Pouliot                                   60     1   2  2  
 2 Patrik Nemeth            Morgan Ellis                                      40     1   2  2  

Penalty Kill 4 Players Forward 
   Center                   Wing                     Time % Phy DF OF 
 1 Chris Bourque            Sebastian Collberg       60     1   2  2  
 2 Maxime Sauvé             Richard Panik            40     1   2  2  

Penalty Kill 4 Players Defense
   Defense                  Defense                  Time % Phy DF OF 
 1 Colten Teubert           Derrick Pouliot          60     1   2  2  
 2 Patrik Nemeth            Morgan Ellis             40     1   2  2  

Penalty Kill - 3 Players Forward 
   Forward                                           Time % Phy DF OF 
 1 Chris Bourque                                     60     1   2  2  
 2 Maxime Sauvé                                      40     1   2  2  

Penalty Kill - 3 Players Defense
   Defense                  Defense                  Time % Phy DF OF 
 1 Colten Teubert           Derrick Pouliot          60     1   2  2  
 2 Patrik Nemeth            Morgan Ellis             40     1   2  2  

4 vs 4 Forward 
   Center                   Wing                     Time % Phy DF OF 
 1 Chris Bourque            Sebastian Collberg       60     1   2  2  
 2 Maxime Sauvé             Richard Panik            40     1   2  2  

4 vs 4 Defense
   Defense                  Defense                  Time % Phy DF OF 
 1 Colten Teubert           Derrick Pouliot          60     1   2  2  
 2 Patrik Nemeth            Morgan Ellis             40     1   2  2  

Last Minutes Offensive
   Center                   Left Wing                Right Wing               Defense                  Defense                  
   Maxime Sauvé             Chris Bourque            Magnus Paajarvi-Svensson Colten Teubert           Derrick Pouliot          

Last Minutes Defensive
   Center                   Left Wing                Right Wing               Defense                  Defense                  
   Maxime Sauvé             Chris Bourque            Richard Panik            Colten Teubert           Patrik Nemeth            

Goaltenders
Starting : Mike Condon              
Backup : Dustin Tokarski          

Extra Forwards
Normal : Dave Dziurzynski, Devante Smith-Pelly, Brendan Woods - PP : Dave Dziurzynski, Devante Smith-Pelly - PK : Brendan Woods
Extra Defensemen
Normal : Colten Teubert, Morgan Ellis, Patrik Nemeth - PP : Colten Teubert - PK : Morgan Ellis, Patrik Nemeth
Penalty Shots
Chris Bourque, Magnus Paajarvi-Svensson, Maxime Sauvé, Richard Panik, Sebastian Collberg

Scratches
Bryan Young (Healthy), Brett Ponich (Healthy), Michael Sdao (Healthy), Austen Brassard (Healthy), Matt Delahey (Healthy)
Jordan Binnington (Healthy)

Mulligans

5 vs 5 Forward 
   Center                   Left Wing                Right Wing               Time % Phy DF OF 
 1 Nick Bonino              Eric Tangradi            Jonathan Tremblay        40     1   2  2  
 2 Anton Lander             Matt Beleskey            Benn Ferriero            30     1   2  2  
 3 Maxime Macenauer         Drayson Bowman           Derek Dorsett            20     1   2  2  
 4 Nick Shore               Sven Baertschi           Logan Shaw               10     1   2  2  

5 vs 5 Defense 
   Defense                  Defense                                           Time % Phy DF OF 
 1 Matt Donovan             Cody Goloubef                                     40     1   2  2  
 2 Cade Fairchild           Ben Hutton                                        30     1   2  2  
 3 Darren Dietz             Dalton Thrower                                    20     1   2  2  
 4 Matt Donovan             Cody Goloubef                                     10     1   2  2  

PowerPlay Forward 
   Center                   Left Wing                Right Wing               Time % Phy DF OF 
 1 Nick Bonino              Eric Tangradi            Jonathan Tremblay        60     1   2  2  
 2 Anton Lander             Matt Beleskey            Benn Ferriero            40     1   2  2  

PowerPlay Defense
   Defense                  Defense                                           Time % Phy DF OF 
 1 Matt Donovan             Cody Goloubef                                     60     1   2  2  
 2 Cade Fairchild           Ben Hutton                                        40     1   2  2  

Penalty Kill 4 Players Forward 
   Center                   Wing                     Time % Phy DF OF 
 1 Nick Bonino              Eric Tangradi            60     1   2  2  
 2 Jonathan Tremblay        Anton Lander             40     1   2  2  

Penalty Kill 4 Players Defense
   Defense                  Defense                  Time % Phy DF OF 
 1 Matt Donovan             Cody Goloubef            60     1   2  2  
 2 Cade Fairchild           Ben Hutton               40     1   2  2  

Penalty Kill - 3 Players Forward 
   Forward                                           Time % Phy DF OF 
 1 Nick Bonino                                       60     1   2  2  
 2 Eric Tangradi                                     40     1   2  2  

Penalty Kill - 3 Players Defense
   Defense                  Defense                  Time % Phy DF OF 
 1 Matt Donovan             Cody Goloubef            60     1   2  2  
 2 Cade Fairchild           Ben Hutton               40     1   2  2  

4 vs 4 Forward 
   Center                   Wing                     Time % Phy DF OF 
 1 Nick Bonino              Eric Tangradi            60     1   2  2  
 2 Jonathan Tremblay        Anton Lander             40     1   2  2  

4 vs 4 Defense
   Defense                  Defense                  Time % Phy DF OF 
 1 Matt Donovan             Cody Goloubef            60     1   2  2  
 2 Cade Fairchild           Ben Hutton               40     1   2  2  

Last Minutes Offensive
   Center                   Left Wing                Right Wing               Defense                  Defense                  
   Nick Bonino              Eric Tangradi            Jonathan Tremblay        Matt Donovan             Cody Goloubef            

Last Minutes Defensive
   Center                   Left Wing                Right Wing               Defense                  Defense                  
   Nick Bonino              Eric Tangradi            Jonathan Tremblay        Matt Donovan             Cody Goloubef            

Goaltenders
Starting : Anders Lindback          
Backup : Calvin Pickard           

Extra Forwards
Normal : Joonas Donskoi, Reid Boucher, Christoph Bertschy - PP : Joonas Donskoi, Reid Boucher - PK : Christoph Bertschy
Extra Defensemen
Normal : Darren Dietz, Dalton Thrower, Cade Fairchild - PP : Darren Dietz - PK : Dalton Thrower, Cade Fairchild
Penalty Shots
Nick Bonino, Eric Tangradi, Jonathan Tremblay, Anton Lander, Maxime Macenauer

Scratches
Marek Langhamer (Healthy)

% Time on Ice - Gangsters

Lines # - Real PCT - Wanted PCT - Time Play
Normal Forward
1 - 33% - 40% - 14:59
2 - 24% - 30% - 11:15
3 - 14% - 20% - 6:32
4 - 29% - 10% - 13:18
Normal Defense
1 - 40% - 40% - 18:19
2 - 40% - 30% - 18:14
3 - 15% - 20% - 7:04
4 - 5% - 10% - 2:27
PP Forward
1 - 56% - 60% - 4:06
2 - 44% - 40% - 3:17
PP Defense
1 - 64% - 60% - 4:44
2 - 36% - 40% - 2:39
PK Forward
1 - 66% - 60% - 3:26
2 - 34% - 40% - 1:47
PK Defense
1 - 63% - 60% - 3:16
2 - 37% - 40% - 1:57
PK3 Forward
1 - 100% - 60% - 0:05
2 - 0% - 40% - 0:00
PK3 Defense
1 - 100% - 60% - 0:05
2 - 0% - 40% - 0:00
44 Forward
1 - 81% - 60% - 4:33
2 - 19% - 40% - 1:06
44 Defense
1 - 67% - 60% - 3:47
2 - 33% - 40% - 1:52
Last Minute Offensive  - 0:36
Last Minute Defensive  - 0:00
Total
Forward - 65:00
Defense - 65:00

% Time on Ice - Mulligans

Lines # - Real PCT - Wanted PCT - Time Play
Normal Forward
1 - 31% - 40% - 14:23
2 - 28% - 30% - 12:52
3 - 25% - 20% - 11:40
4 - 15% - 10% - 7:08
Normal Defense
1 - 38% - 40% - 17:24
2 - 32% - 30% - 14:45
3 - 27% - 20% - 12:35
4 - 3% - 10% - 1:19
PP Forward
1 - 52% - 60% - 2:43
2 - 48% - 40% - 2:30
PP Defense
1 - 51% - 60% - 2:39
2 - 49% - 40% - 2:34
PK Forward
1 - 74% - 60% - 5:30
2 - 26% - 40% - 1:53
PK Defense
1 - 57% - 60% - 4:13
2 - 43% - 40% - 3:10
PK3 Forward
1 - 0% - 60%
2 - 0% - 40%
PK3 Defense
1 - 0% - 60%
2 - 0% - 40%
44 Forward
1 - 78% - 60% - 4:29
2 - 22% - 40% - 1:15
44 Defense
1 - 70% - 60% - 4:02
2 - 30% - 40% - 1:42
Last Minute Offensive  - 0:00
Last Minute Defensive  - 0:37
Total
Forward - 65:00
Defense - 65:00

Play by Play

1st period


0:01 of 1st period - Maxime Sauvé wins face-off versus Nick Bonino in neutral zone.
0:08 of 1st period - Wrist shot by Jonathan Tremblay.
0:08 of 1st period - Stopped by Mike Condon with a rebound.
0:26 of 1st period - Richard Panik is hit by Benn Ferriero and loses puck.
0:37 of 1st period - Benn Ferriero is hit by Colten Teubert and loses puck.
0:48 of 1st period - Slapshot by Matt Beleskey.
0:48 of 1st period - Stopped by Mike Condon without a rebound.
0:49 of 1st period - Maxime Macenauer wins face-off versus Kevin Roy in Gangsters zone.
1:54 of 1st period - Magnus Paajarvi-Svensson is hit by Cody Goloubef.
2:37 of 1st period - Sven Baertschi is hit by Sebastian Collberg and loses puck.
3:00 of 1st period - Jonathan Tremblay is hit by Dave Dziurzynski and loses puck.
3:22 of 1st period - Cody Goloubef is hit by Dave Dziurzynski and loses puck.
3:44 of 1st period - Stefan Noesen is hit by Derek Dorsett and loses puck.
4:56 of 1st period - Wrist shot by Maxime Macenauer.
4:56 of 1st period - Shot Misses the Net.
6:20 of 1st period - Slapshot by Matt Beleskey.
6:20 of 1st period - Deflect By Drayson Bowman.
6:20 of 1st period - Shot Blocked by Brendan Woods.
6:20 of 1st period - Puck is out of play.
6:21 of 1st period - Kevin Roy wins face-off versus Maxime Macenauer in Gangsters zone.
6:26 of 1st period - Cade Fairchild is hit by Stefan Noesen.
6:36 of 1st period - Slapshot by Maxime Macenauer.
6:36 of 1st period - Shot Misses the Net.
6:42 of 1st period - Minor Penalty to Derrick Pouliot for Slashing.
6:43 of 1st period - Chris Bourque wins face-off versus Nick Bonino in Gangsters zone.
6:56 of 1st period - Slapshot by Chris Bourque.
6:56 of 1st period - Stopped by Anders Lindback without a rebound.
6:57 of 1st period - Nick Bonino wins face-off versus Chris Bourque in Mulligans zone.
7:22 of 1st period - Colten Teubert is hit by Matt Donovan.
8:42 of 1st period - Penalty to Derrick Pouliot is over, Derrick Pouliot is back on ice.
8:54 of 1st period - Slapshot by Brendan Woods.
8:54 of 1st period - Stopped by Anders Lindback with a rebound.
8:56 of 1st period - Slapshot by Colten Teubert.
8:56 of 1st period - Stopped by Anders Lindback with a rebound.
8:58 of 1st period - Wrist shot by Stefan Noesen.
8:58 of 1st period - Shot Misses the Net.
9:00 of 1st period - Snap shot by Brendan Woods.
9:00 of 1st period - Stopped by Anders Lindback without a rebound.
9:01 of 1st period - Kevin Roy wins face-off versus Maxime Macenauer in Mulligans zone.
9:04 of 1st period - Slapshot by Brendan Woods.
9:04 of 1st period - Stopped by Anders Lindback with a rebound.
9:06 of 1st period - Snap shot by Brendan Woods.
9:06 of 1st period - Shot Misses the Net.
9:08 of 1st period - Wrist shot by Brendan Woods.
9:08 of 1st period - Shot Blocked by Ben Hutton.
9:10 of 1st period - Snap shot by Brendan Woods.
9:10 of 1st period - Stopped by Anders Lindback with a rebound.
9:12 of 1st period - Backhand shot by Derrick Pouliot.
9:12 of 1st period - Deflect By Kevin Roy.
9:12 of 1st period - Deflect By Cade Fairchild.
9:12 of 1st period - Shot Misses the Net.
9:12 of 1st period - Puck is out of play.
9:13 of 1st period - Maxime Sauvé wins face-off versus Nick Bonino in Mulligans zone.
9:21 of 1st period - Minor Penalty to Eric Tangradi for Goalie Interference.
9:22 of 1st period - Nick Bonino wins face-off versus Maxime Sauvé in Mulligans zone.
9:30 of 1st period - Slapshot by Colten Teubert.
9:30 of 1st period - Shot Misses the Net.
9:32 of 1st period - Wrist shot by Sebastian Collberg.
9:32 of 1st period - Goal by Sebastian Collberg - Gangsters : 1 - Mulligans : 0.
9:33 of 1st period - Nick Bonino wins face-off versus Maxime Sauvé in neutral zone.
10:23 of 1st period - Snap shot by Brendan Woods.
10:23 of 1st period - Stopped by Anders Lindback with a rebound.
10:32 of 1st period - Icing by Brendan Woods.
10:33 of 1st period - Nick Bonino wins face-off versus Kevin Roy in Gangsters zone.
10:38 of 1st period - Slapshot by Nick Bonino.
10:38 of 1st period - Deflect By Eric Tangradi.
10:38 of 1st period - Shot Misses the Net.
10:38 of 1st period - Puck is out of play.
10:39 of 1st period - Nick Bonino wins face-off versus Maxime Sauvé in Gangsters zone.
12:24 of 1st period - Icing by Benn Ferriero.
12:25 of 1st period - Anton Lander wins face-off versus Dave Dziurzynski in Mulligans zone.
12:30 of 1st period - Snap shot by Eric Tangradi.
12:30 of 1st period - Shot Misses the Net.
13:00 of 1st period - Wrist shot by Benn Ferriero.
13:00 of 1st period - Shot Misses the Net.
13:14 of 1st period - Slapshot by Matt Donovan.
13:14 of 1st period - Shot Misses the Net.
13:16 of 1st period - Snap shot by Maxime Macenauer.
13:16 of 1st period - Deflect By Derek Dorsett.
13:16 of 1st period - Goal by Derek Dorsett - Gangsters : 1 - Mulligans : 1.
13:17 of 1st period - Nick Bonino wins face-off versus Maxime Sauvé in neutral zone.
13:20 of 1st period - Slapshot by Matt Donovan.
13:20 of 1st period - Stopped by Mike Condon without a rebound.
13:21 of 1st period - Maxime Sauvé wins face-off versus Nick Bonino in Gangsters zone.
13:21 of 1st period - Maxime Sauvé is hit by Eric Tangradi.
13:31 of 1st period - Snap shot by Maxime Sauvé.
13:31 of 1st period - Shot Misses the Net.
13:48 of 1st period - Off-side.
13:49 of 1st period - Magnus Paajarvi-Svensson wins face-off versus Anton Lander in neutral zone.
15:41 of 1st period - Backhand shot by Magnus Paajarvi-Svensson.
15:41 of 1st period - Deflect By Richard Panik.
15:41 of 1st period - Shot Blocked by Nick Bonino.
15:41 of 1st period - Puck is out of play.
15:42 of 1st period - Nick Bonino wins face-off versus Dave Dziurzynski in Mulligans zone.
16:07 of 1st period - Snap shot by Maxime Sauvé.
16:07 of 1st period - Stopped by Anders Lindback with a rebound.
16:09 of 1st period - Slapshot by Morgan Ellis.
16:09 of 1st period - Stopped by Anders Lindback with a rebound.
16:11 of 1st period - Slapshot by Chris Bourque.
16:11 of 1st period - Stopped by Anders Lindback with a rebound.
16:13 of 1st period - Wrist shot by Morgan Ellis.
16:13 of 1st period - Stopped by Anders Lindback with a rebound.
16:47 of 1st period - Cody Goloubef is hit by Seth Griffith and loses puck.
17:30 of 1st period - Snap shot by Maxime Macenauer.
17:30 of 1st period - Stopped by Mike Condon with a rebound.
17:32 of 1st period - Slapshot by Cade Fairchild.
17:32 of 1st period - Stopped by Mike Condon with a rebound.
17:34 of 1st period - Slapshot by Ben Hutton.
17:34 of 1st period - Shot Blocked by Kevin Roy.
17:34 of 1st period - Kevin Roy from Gangsters is injured at 17:34 of 1st period (Bruised Left Shoulder).
17:35 of 1st period - Sebastian Collberg wins face-off versus Nick Bonino in Gangsters zone.
17:46 of 1st period - Wrist shot by Maxime Sauvé.
17:46 of 1st period - Stopped by Anders Lindback with a rebound.
17:48 of 1st period - Wrist shot by Maxime Sauvé.
17:48 of 1st period - Stopped by Anders Lindback with a rebound.
17:50 of 1st period - Snap shot by Sebastian Collberg.
17:50 of 1st period - Shot Blocked by Cody Goloubef.
18:41 of 1st period - Colten Teubert is hit by Nick Bonino and loses puck.
18:47 of 1st period - Off-side.
18:48 of 1st period - Nick Bonino wins face-off versus Maxime Sauvé in neutral zone.
18:51 of 1st period - Morgan Ellis is hit by Eric Tangradi and loses puck.
19:10 of 1st period - Minor Penalty to Darren Dietz for Tripping.
19:11 of 1st period - Maxime Sauvé wins face-off versus Nick Bonino in Mulligans zone.
Goals for this period are 1 for Gangsters vs 1 for Mulligans.
Shots for this period are 14 for Gangsters vs 6 for Mulligans.

2nd period


0:01 of 2nd period - Nick Bonino wins face-off versus Sebastian Collberg in neutral zone.
0:35 of 2nd period - Snap shot by Dave Dziurzynski.
0:35 of 2nd period - Stopped by Anders Lindback with a rebound.
0:37 of 2nd period - Snap shot by Richard Panik.
0:37 of 2nd period - Stopped by Anders Lindback without a rebound.
0:38 of 2nd period - Dave Dziurzynski wins face-off versus Jonathan Tremblay in Mulligans zone.
0:41 of 2nd period - Slapshot by Colten Teubert.
0:41 of 2nd period - Deflect By Jonathan Tremblay.
0:41 of 2nd period - Stopped by Anders Lindback with a rebound.
0:43 of 2nd period - Snap shot by Richard Panik.
0:43 of 2nd period - Shot Misses the Net.
1:10 of 2nd period - Penalty to Darren Dietz is over, Darren Dietz is back on ice.
1:49 of 2nd period - Icing by Dave Dziurzynski.
1:50 of 2nd period - Anton Lander wins face-off versus Seth Griffith in Gangsters zone.
1:51 of 2nd period - Wrist shot by Benn Ferriero.
1:51 of 2nd period - Deflect By Matt Beleskey.
1:51 of 2nd period - Stopped by Mike Condon with a rebound.
2:09 of 2nd period - Wrist shot by Maxime Macenauer.
2:09 of 2nd period - Shot Misses the Net.
2:11 of 2nd period - Snap shot by Derek Dorsett.
2:11 of 2nd period - Stopped by Mike Condon without a rebound.
2:12 of 2nd period - Chris Bourque wins face-off versus Anton Lander in Gangsters zone.
2:16 of 2nd period - Off-side.
2:17 of 2nd period - Maxime Sauvé wins face-off versus Anton Lander in neutral zone.
2:36 of 2nd period - Anton Lander is hit by Morgan Ellis and loses puck.
2:37 of 2nd period - Anton Lander from Mulligans is injured at 2:37 of 2nd period (Herniated Disc).
2:38 of 2nd period - Dave Dziurzynski wins face-off versus Eric Tangradi in Mulligans zone.
2:53 of 2nd period - Snap shot by Dave Dziurzynski.
2:53 of 2nd period - Shot Misses the Net.
3:26 of 2nd period - Colten Teubert is hit by Drayson Bowman.
3:30 of 2nd period - Snap shot by Devante Smith-Pelly.
3:30 of 2nd period - Shot Misses the Net.
4:21 of 2nd period - Darren Dietz is hit by Maxime Sauvé and loses puck.
4:58 of 2nd period - Magnus Paajarvi-Svensson is hit by Derek Dorsett and loses puck.
5:03 of 2nd period - Snap shot by Drayson Bowman.
5:03 of 2nd period - Deflect By Maxime Macenauer.
5:03 of 2nd period - Stopped by Mike Condon with a rebound.
5:15 of 2nd period - Darren Dietz is hit by Maxime Sauvé and loses puck.
5:51 of 2nd period - Sebastian Collberg is hit by Eric Tangradi.
6:03 of 2nd period - Devante Smith-Pelly is hit by Matt Beleskey and loses puck.
6:43 of 2nd period - Snap shot by Maxime Sauvé.
6:43 of 2nd period - Shot Misses the Net.
7:28 of 2nd period - Wrist shot by Logan Shaw.
7:28 of 2nd period - Shot Misses the Net.
7:32 of 2nd period - Slapshot by Sven Baertschi.
7:32 of 2nd period - Shot Blocked by Richard Panik.
7:34 of 2nd period - Snap shot by Ben Hutton.
7:34 of 2nd period - Shot Blocked by Morgan Ellis.
7:36 of 2nd period - Backhand shot by Cade Fairchild.
7:36 of 2nd period - Shot Blocked by Colten Teubert.
7:38 of 2nd period - Slapshot by Ben Hutton.
7:38 of 2nd period - Stopped by Mike Condon without a rebound.
7:39 of 2nd period - Maxime Sauvé wins face-off versus Nick Bonino in Gangsters zone.
8:04 of 2nd period - Benn Ferriero is hit by Stefan Noesen and loses puck.
8:11 of 2nd period - Slapshot by Colten Teubert.
8:11 of 2nd period - Shot Misses the Net.
8:36 of 2nd period - Dave Dziurzynski is hit by Matt Donovan and loses puck.
8:41 of 2nd period - Snap shot by Cody Goloubef.
8:41 of 2nd period - Shot Blocked by Ryan Culkin.
9:09 of 2nd period - Matt Beleskey is hit by Maxime Sauvé and loses puck.
9:34 of 2nd period - Chris Bourque is hit by Derek Dorsett and loses puck.
9:59 of 2nd period - Snap shot by Nick Bonino.
9:59 of 2nd period - Stopped by Mike Condon without a rebound.
10:00 of 2nd period - Dave Dziurzynski wins face-off versus Nick Bonino in Gangsters zone.
10:20 of 2nd period - Icing by Jonathan Tremblay.
10:21 of 2nd period - Devante Smith-Pelly wins face-off versus Joonas Donskoi in Mulligans zone.
11:08 of 2nd period - Sebastian Collberg is hit by Matt Donovan and loses puck.
11:33 of 2nd period - Wrist shot by Logan Shaw.
11:33 of 2nd period - Stopped by Mike Condon without a rebound.
11:34 of 2nd period - Nick Shore wins face-off versus Seth Griffith in Gangsters zone.
11:55 of 2nd period - Dalton Thrower is hit by Seth Griffith.
12:21 of 2nd period - Darren Dietz is hit by Devante Smith-Pelly and loses puck.
12:40 of 2nd period - Ben Hutton is hit by Seth Griffith and loses puck.
12:46 of 2nd period - Off-side.
12:47 of 2nd period - Maxime Sauvé wins face-off versus Nick Bonino in neutral zone.
12:56 of 2nd period - Wrist shot by Chris Bourque.
12:56 of 2nd period - Shot Misses the Net.
13:23 of 2nd period - Slapshot by Benn Ferriero.
13:23 of 2nd period - Stopped by Mike Condon without a rebound.
13:24 of 2nd period - Nick Bonino wins face-off versus Maxime Sauvé in Gangsters zone.
13:33 of 2nd period - Snap shot by Eric Tangradi.
13:33 of 2nd period - Stopped by Mike Condon without a rebound.
13:34 of 2nd period - Nick Bonino wins face-off versus Devante Smith-Pelly in Gangsters zone.
13:35 of 2nd period - Wrist shot by Eric Tangradi.
13:35 of 2nd period - Shot Blocked by Patrik Nemeth.
14:30 of 2nd period - Morgan Ellis is hit by Maxime Macenauer and loses puck.
14:59 of 2nd period - Cody Goloubef is hit by Dave Dziurzynski and loses puck.
15:22 of 2nd period - Snap shot by Magnus Paajarvi-Svensson.
15:22 of 2nd period - Stopped by Anders Lindback with a rebound.
15:26 of 2nd period - Snap shot by Richard Panik.
15:26 of 2nd period - Stopped by Anders Lindback with a rebound.
15:28 of 2nd period - Snap shot by Patrik Nemeth.
15:28 of 2nd period - Shot Misses the Net.
15:30 of 2nd period - Slapshot by Magnus Paajarvi-Svensson.
15:30 of 2nd period - Shot Misses the Net.
15:32 of 2nd period - Snap shot by Richard Panik.
15:32 of 2nd period - Shot Misses the Net.
15:34 of 2nd period - Snap shot by Magnus Paajarvi-Svensson.
15:34 of 2nd period - Deflect By Richard Panik.
15:34 of 2nd period - Shot Misses the Net.
15:34 of 2nd period - Puck is out of play.
15:35 of 2nd period - Nick Bonino wins face-off versus Maxime Sauvé in Mulligans zone.
16:00 of 2nd period - Matt Beleskey is hit by Devante Smith-Pelly and loses puck.
16:19 of 2nd period - Dalton Thrower is hit by Colten Teubert and loses puck.
16:26 of 2nd period - Backhand shot by Logan Shaw.
16:26 of 2nd period - Stopped by Mike Condon without a rebound.
16:27 of 2nd period - Nick Bonino wins face-off versus Devante Smith-Pelly in Gangsters zone.
16:34 of 2nd period - Slapshot by Jonathan Tremblay.
16:34 of 2nd period - Stopped by Mike Condon with a rebound.
16:36 of 2nd period - Slapshot by Darren Dietz.
16:36 of 2nd period - Shot Misses the Net.
16:44 of 2nd period - Nick Bonino is hit by Maxime Sauvé and loses puck.
18:30 of 2nd period - Icing by Chris Bourque.
18:31 of 2nd period - Maxime Macenauer wins face-off versus Maxime Sauvé in Gangsters zone.
18:38 of 2nd period - Drayson Bowman is hit by Chris Bourque and loses puck.
18:45 of 2nd period - Snap shot by Maxime Macenauer.
18:45 of 2nd period - Shot Misses the Net.
18:47 of 2nd period - Slapshot by Cade Fairchild.
18:47 of 2nd period - Stopped by Mike Condon without a rebound.
18:48 of 2nd period - Nick Bonino wins face-off versus Dave Dziurzynski in Gangsters zone.
19:14 of 2nd period - Snap shot by Eric Tangradi.
19:14 of 2nd period - Stopped by Mike Condon without a rebound.
19:15 of 2nd period - Joonas Donskoi wins face-off versus Devante Smith-Pelly in Gangsters zone.
19:18 of 2nd period - Slapshot by Matt Beleskey.
19:18 of 2nd period - Deflect By Benn Ferriero.
19:18 of 2nd period - Shot Misses the Net.
19:18 of 2nd period - Puck is out of play.
19:19 of 2nd period - Maxime Sauvé wins face-off versus Joonas Donskoi in Gangsters zone.
19:19 of 2nd period - Maxime Sauvé is hit by Matt Donovan.
19:42 of 2nd period - Minor Penalty to Matt Beleskey for Holding.
19:43 of 2nd period - Nick Bonino wins face-off versus Maxime Sauvé in Mulligans zone.
19:54 of 2nd period - Slapshot by Derrick Pouliot.
19:54 of 2nd period - Stopped by Anders Lindback without a rebound.
19:55 of 2nd period - Maxime Sauvé wins face-off versus Nick Bonino in Mulligans zone.
Goals for this period are 0 for Gangsters vs 0 for Mulligans.
Shots for this period are 6 for Gangsters vs 12 for Mulligans.

3rd period


0:01 of 3rd period - Nick Bonino wins face-off versus Maxime Sauvé in neutral zone.
0:15 of 3rd period - Nick Bonino is hit by Chris Bourque and loses puck.
0:30 of 3rd period - Slapshot by Colten Teubert.
0:30 of 3rd period - Deflect By Dave Dziurzynski.
0:30 of 3rd period - Shot Blocked by Matt Donovan.
0:30 of 3rd period - Puck is out of play.
0:31 of 3rd period - Nick Bonino wins face-off versus Maxime Sauvé in Mulligans zone.
1:39 of 3rd period - Cody Goloubef is hit by Magnus Paajarvi-Svensson and loses puck.
1:42 of 3rd period - Penalty to Matt Beleskey is over, Matt Beleskey is back on ice.
2:36 of 3rd period - Morgan Ellis is hit by Cade Fairchild and loses puck.
2:42 of 3rd period - Minor Penalty to Richard Panik for Tripping.
2:43 of 3rd period - Nick Bonino wins face-off versus Chris Bourque in Gangsters zone.
3:34 of 3rd period - Snap shot by Morgan Ellis.
3:34 of 3rd period - Stopped by Anders Lindback without a rebound.
3:35 of 3rd period - Reid Boucher wins face-off versus Maxime Sauvé in Mulligans zone.
3:57 of 3rd period - Minor Penalty to Reid Boucher for Roughing.
3:58 of 3rd period - Chris Bourque wins face-off versus Nick Bonino in Mulligans zone.
4:01 of 3rd period - Snap shot by Chris Bourque.
4:01 of 3rd period - Stopped by Anders Lindback without a rebound.
4:02 of 3rd period - Nick Bonino wins face-off versus Chris Bourque in Mulligans zone.
4:42 of 3rd period - Penalty to Richard Panik is over, Richard Panik is back on ice.
4:53 of 3rd period - Slapshot by Cade Fairchild.
4:53 of 3rd period - Stopped by Mike Condon with a rebound.
5:57 of 3rd period - Penalty to Reid Boucher is over, Reid Boucher is back on ice.
5:59 of 3rd period - Snap shot by Sven Baertschi.
5:59 of 3rd period - Shot Misses the Net.
6:07 of 3rd period - Sven Baertschi is hit by Brendan Woods and loses puck.
6:30 of 3rd period - Snap shot by Drayson Bowman.
6:30 of 3rd period - Stopped by Mike Condon without a rebound.
6:31 of 3rd period - Maxime Macenauer wins face-off versus Dave Dziurzynski in Gangsters zone.
7:17 of 3rd period - Snap shot by Dave Dziurzynski.
7:17 of 3rd period - Stopped by Anders Lindback with a rebound.
7:56 of 3rd period - Wrist shot by Drayson Bowman.
7:56 of 3rd period - Stopped by Mike Condon with a rebound.
8:12 of 3rd period - Wrist shot by Maxime Sauvé.
8:12 of 3rd period - Shot Misses the Net.
8:41 of 3rd period - Richard Panik is hit by Sven Baertschi and loses puck.
9:06 of 3rd period - Wrist shot by Derek Dorsett.
9:06 of 3rd period - Goal by Derek Dorsett - Gangsters : 1 - Mulligans : 2.
9:07 of 3rd period - Nick Bonino wins face-off versus Maxime Sauvé in neutral zone.
9:13 of 3rd period - Icing by Chris Bourque.
9:14 of 3rd period - Nick Bonino wins face-off versus Chris Bourque in Gangsters zone.
10:00 of 3rd period - Minor Penalty to Colten Teubert for Holding.
10:01 of 3rd period - Chris Bourque wins face-off versus Nick Bonino in Gangsters zone.
10:51 of 3rd period - Matt Beleskey is hit by Maxime Sauvé and loses puck.
11:08 of 3rd period - Snap shot by Benn Ferriero.
11:08 of 3rd period - Stopped by Mike Condon without a rebound.
11:09 of 3rd period - Chris Bourque wins face-off versus Nick Bonino in Gangsters zone.
11:50 of 3rd period - Eric Tangradi is hit by Derrick Pouliot.
11:56 of 3rd period - Nick Bonino is hit by Richard Panik and loses puck.
12:00 of 3rd period - Penalty to Colten Teubert is over, Colten Teubert is back on ice.
12:07 of 3rd period - Derek Dorsett is hit by Devante Smith-Pelly.
12:15 of 3rd period - Wrist shot by Dave Dziurzynski.
12:15 of 3rd period - Shot Misses the Net.
12:27 of 3rd period - Ben Hutton is hit by Ryan Culkin and loses puck.
13:13 of 3rd period - Drayson Bowman is hit by Magnus Paajarvi-Svensson and loses puck.
13:24 of 3rd period - Snap shot by Dave Dziurzynski.
13:24 of 3rd period - Stopped by Anders Lindback with a rebound.
13:26 of 3rd period - Slapshot by Colten Teubert.
13:26 of 3rd period - Stopped by Anders Lindback without a rebound.
13:27 of 3rd period - Nick Bonino wins face-off versus Maxime Sauvé in Mulligans zone.
13:27 of 3rd period - Eric Tangradi is hit by Chris Bourque and loses puck.
13:57 of 3rd period - Snap shot by Stefan Noesen.
13:57 of 3rd period - Shot Misses the Net.
13:59 of 3rd period - Slapshot by Patrik Nemeth.
13:59 of 3rd period - Stopped by Anders Lindback with a rebound.
14:28 of 3rd period - Wrist shot by Maxime Macenauer.
14:28 of 3rd period - Shot Blocked by Colten Teubert.
14:37 of 3rd period - Icing by Ben Hutton.
14:38 of 3rd period - Nick Bonino wins face-off versus Sebastian Collberg in Mulligans zone.
14:44 of 3rd period - Jonathan Tremblay is hit by Colten Teubert and loses puck.
14:57 of 3rd period - Jonathan Tremblay is hit by Stefan Noesen and loses puck.
15:08 of 3rd period - Wrist shot by Nick Bonino.
15:08 of 3rd period - Stopped by Mike Condon with a rebound.
15:16 of 3rd period - Snap shot by Jonathan Tremblay.
15:16 of 3rd period - Shot Misses the Net.
15:20 of 3rd period - Slapshot by Nick Bonino.
15:20 of 3rd period - Shot Blocked by Derrick Pouliot.
15:22 of 3rd period - Slapshot by Ben Hutton.
15:22 of 3rd period - Shot Blocked by Brendan Woods.
15:37 of 3rd period - Wrist shot by Eric Tangradi.
15:37 of 3rd period - Shot Misses the Net.
16:00 of 3rd period - Wrist shot by Eric Tangradi.
16:00 of 3rd period - Shot Blocked by Ryan Culkin.
16:02 of 3rd period - Backhand shot by Dalton Thrower.
16:02 of 3rd period - Deflect By Nick Bonino.
16:02 of 3rd period - Shot Misses the Net.
16:02 of 3rd period - Puck is out of play.
16:03 of 3rd period - Maxime Sauvé wins face-off versus Maxime Macenauer in Gangsters zone.
16:15 of 3rd period - Minor Penalty to Derek Dorsett for Holding.
16:16 of 3rd period - Christoph Bertschy wins face-off versus Maxime Sauvé in Mulligans zone.
16:16 of 3rd period - Christoph Bertschy is hit by Sebastian Collberg.
17:16 of 3rd period - Nick Shore is hit by Richard Panik.
18:15 of 3rd period - Penalty to Derek Dorsett is over, Derek Dorsett is back on ice.
18:30 of 3rd period - Slapshot by Colten Teubert.
18:30 of 3rd period - Stopped by Anders Lindback without a rebound.
18:31 of 3rd period - Joonas Donskoi wins face-off versus Brendan Woods in Mulligans zone.
18:57 of 3rd period - Off-side.
18:58 of 3rd period - Jack Capuano call a timeout for Gangsters.
18:58 of 3rd period - Maxime Sauvé wins face-off versus Nick Bonino in neutral zone.
19:05 of 3rd period - Gangsters, Mike Condon is pulled from the net.
19:22 of 3rd period - Backhand shot by Maxime Sauvé.
19:22 of 3rd period - Shot Misses the Net.
19:24 of 3rd period - Slapshot by Colten Teubert.
19:24 of 3rd period - Shot Misses the Net.
19:26 of 3rd period - Slapshot by Derrick Pouliot.
19:26 of 3rd period - Goal by Derrick Pouliot - Gangsters : 2 - Mulligans : 2.
19:26 of 3rd period - Mike Condon from Gangsters was sent back in the game.
19:27 of 3rd period - Maxime Macenauer wins face-off versus Seth Griffith in neutral zone.
19:30 of 3rd period - Slapshot by Cody Goloubef.
19:30 of 3rd period - Shot Misses the Net.
19:36 of 3rd period - Backhand shot by Colten Teubert.
19:36 of 3rd period - Stopped by Anders Lindback without a rebound.
19:37 of 3rd period - Seth Griffith wins face-off versus Maxime Macenauer in Mulligans zone.
19:44 of 3rd period - Slapshot by Devante Smith-Pelly.
19:44 of 3rd period - Stopped by Anders Lindback without a rebound.
19:45 of 3rd period - Seth Griffith wins face-off versus Maxime Macenauer in Mulligans zone.
Goals for this period are 1 for Gangsters vs 1 for Mulligans.
Shots for this period are 10 for Gangsters vs 6 for Mulligans.

Overtime #1


0:01 of 1st overtime period - Nick Bonino wins face-off versus Chris Bourque in neutral zone.
0:04 of 1st overtime period - Slapshot by Cody Goloubef.
0:04 of 1st overtime period - Stopped by Mike Condon with a rebound.
0:09 of 1st overtime period - Off-side.
0:10 of 1st overtime period - Nick Bonino wins face-off versus Chris Bourque in neutral zone.
0:44 of 1st overtime period - Slapshot by Chris Bourque.
0:44 of 1st overtime period - Shot Misses the Net.
0:46 of 1st overtime period - Slapshot by Derrick Pouliot.
0:46 of 1st overtime period - Shot Blocked by Matt Donovan.
0:52 of 1st overtime period - Backhand shot by Chris Bourque.
0:52 of 1st overtime period - Shot Blocked by Eric Tangradi.
1:10 of 1st overtime period - Slapshot by Colten Teubert.
1:10 of 1st overtime period - Stopped by Anders Lindback without a rebound.
1:11 of 1st overtime period - Maxime Sauvé wins face-off versus Jonathan Tremblay in Mulligans zone.
1:44 of 1st overtime period - Slapshot by Christoph Bertschy.
1:44 of 1st overtime period - Shot Blocked by Patrik Nemeth.
2:04 of 1st overtime period - Eric Tangradi is hit by Brendan Woods and loses puck.
2:13 of 1st overtime period - Slapshot by Brendan Woods.
2:13 of 1st overtime period - Stopped by Anders Lindback with a rebound.
2:15 of 1st overtime period - Slapshot by Magnus Paajarvi-Svensson.
2:15 of 1st overtime period - Shot Blocked by Eric Tangradi.
3:16 of 1st overtime period - Morgan Ellis is hit by Darren Dietz and loses puck.
3:33 of 1st overtime period - Colten Teubert is hit by Ben Hutton.
3:59 of 1st overtime period - Richard Panik is hit by Dalton Thrower and loses puck.
4:22 of 1st overtime period - Dalton Thrower is hit by Colten Teubert and loses puck.
4:54 of 1st overtime period - Minor Penalty to Devante Smith-Pelly for Roughing.
4:55 of 1st overtime period - Chris Bourque wins face-off versus Nick Bonino in Gangsters zone.
Goals for this period are 0 for Gangsters vs 0 for Mulligans.
Shots for this period are 2 for Gangsters vs 1 for Mulligans.

ShootOut


5:00 of 1st overtime period - Penalty Shot by Chris Bourque for Gangsters.
5:00 of 1st overtime period - Wrist shot by Chris Bourque.
5:00 of 1st overtime period - Stopped by Anders Lindback.
5:00 of 1st overtime period - Penalty Shot by Nick Bonino for Mulligans.
5:00 of 1st overtime period - Wrist shot by Nick Bonino.
5:00 of 1st overtime period - Stopped by Mike Condon.
5:00 of 1st overtime period - Penalty Shot by Magnus Paajarvi-Svensson for Gangsters.
5:00 of 1st overtime period - Backhand shot by Magnus Paajarvi-Svensson.
5:00 of 1st overtime period - Goal by Magnus Paajarvi-Svensson.
5:00 of 1st overtime period - Penalty Shot by Eric Tangradi for Mulligans.
5:00 of 1st overtime period - Snap shot by Eric Tangradi.
5:00 of 1st overtime period - Stopped by Mike Condon.
5:00 of 1st overtime period - Penalty Shot by Maxime Sauvé for Gangsters.
5:00 of 1st overtime period - Wrist shot by Maxime Sauvé.
5:00 of 1st overtime period - Stopped by Anders Lindback.
5:00 of 1st overtime period - Penalty Shot by Jonathan Tremblay for Mulligans.
5:00 of 1st overtime period - Backhand shot by Jonathan Tremblay.
5:00 of 1st overtime period - Shot Misses the Net.